Selects Italian Combined Arms Battlegroup
Selects Italian Combined Arms Battlegroup
Selects Bersaglieri Squad
Construct Light Support Kompanie
Selects Bersaglieri Bolster
Selects Breda Model 30 Light Machine Guns
Construct Mechanized Kompanie
254 Reconnaissance Tractor
Construct Panzerarmee Kommand
Selects Semovente da 75/18 Assault Gun
Flak 36 Anti-tank Gun Team
Semovente da 75/18 Assault Gun
Walking Stuka Rocket Launcher
Marder III Tank Destroyer
Marder III Tank Destroyer